[ AOE2 MATCH · #459038944 ]
UnrankedEthiopians vs Persians
[ REPLAY ANALYSIS · EXTRACTED FROM THE RECORDED GAME ]
Feudal
9:03
Castle
23:21
Imperial
42:37
| APM avg | 57.0 |
| APM peak | 90 |
| eAPM avg | 35.3 |
| Villagers / military | 152 / 159 |
Focus
⚔️ 61.9% · 🌾 38.1%
Archer ×131 · Skirmisher ×19 · Shotel Warrior ×4 · Trebuchet (Packed) ×4 · Monk ×1
Feudal
8:50
Castle
26:23
Imperial
46:15
| APM avg | 66.4 |
| APM peak | 118 |
| eAPM avg | 30.6 |
| Villagers / military | 215 / 201 |
Focus
⚔️ 36.1% · 🌾 63.9%
Knight ×134 · Scout Cavalry ×50 · Camel Scout ×14 · Spearman ×3
Feudal
10:01
Castle
22:05
Imperial
43:55
| APM avg | 33.7 |
| APM peak | 99 |
| eAPM avg | 16.5 |
| Villagers / military | 98 / 168 |
Focus
⚔️ 51.2% · 🌾 48.8%
Archer ×157 · Unknown (2550) ×21 · Kamayuk ×6 · Scorpion ×2 · Battering Ram ×2 · Monk ×1
Feudal
—
Castle
—
Imperial
—
| APM avg | 30.0 |
| APM peak | 69 |
| eAPM avg | 14.8 |
| Villagers / military | 113 / 117 |
Focus
⚔️ 34.2% · 🌾 65.8%
Archer ×115 · Spearman ×2
Feudal
9:41
Castle
18:50
Imperial
44:01
| APM avg | 39.3 |
| APM peak | 120 |
| eAPM avg | 14.7 |
| Villagers / military | 89 / 165 |
Focus
⚔️ 35.5% · 🌾 64.5%
Cavalry Archer ×113 · Skirmisher ×36 · Spearman ×10 · Militia ×2 · Samurai ×2 · Trebuchet (Packed) ×2
Feudal
8:33
Castle
22:42
Imperial
43:24
| APM avg | 47.0 |
| APM peak | 108 |
| eAPM avg | 17.7 |
| Villagers / military | 136 / 214 |
Focus
⚔️ 41.6% · 🌾 58.4%
Knight ×199 · Scout Cavalry ×15
Match map
Initial resources + every placement click. Lines = walls · curves = elevation contours. ◆ gold · ⬟ stone · ● berries · ✦ relic · ◌ wall gap
Your base· ✓ Closed at 23:21 · 59t walls · no gate
Niewiin's base· Open — 7t gap
Hagbardur's base· Open — 5t gap
La Momone 38's base· ✓ Closed at 26:06 · 32t walls · 1 gate(s)
Hympérion's base· Open — 2t gap
Twiigz's base· ✓ Closed at 22:42 · 33t walls · no gate
Smoothed initial terrain · ◌ = detected wall gap · hover for details
Inputs per minute
— [LW] Klemens - - Niewiin
Build order — [LW] Klemens
First 150 of 528 actions detected
| 0:01 | Create | Villager (Male) |
| 0:02 | Build | House |
| 0:03 | Build | House |
| 0:19 | Create | Villager (Male) |
| 0:23 | Create | Villager (Male) |
| 0:31 | Create | Villager (Male) |
| 1:40 | Create | Villager (Male) |
| 2:00 | Build | Lumber Camp |
| 2:11 | Create | Villager (Male) |
| 2:39 | Create | Villager (Male) |
| 3:01 | Create | Villager (Male) |
| 3:12 | Build | House |
| 3:19 | Create | Villager (Male) |
| 3:51 | Create | Villager (Male) |
| 3:54 | Build | Mill |
| 4:20 | Create | Villager (Male) |
| 4:31 | Create | Villager (Male) |
| 4:49 | Create | Villager (Male) |
| 5:36 | Create | Villager (Male) |
| 5:49 | Create | Villager (Male) |
| 5:51 | Research | Loom |
| 6:53 | Research | Feudal Age |
| 7:31 | Build | Barracks |
| 7:34 | Build | Palisade Wall |
| 7:36 | Build | Palisade Wall |
| 7:44 | Build | House |
| 8:00 | Create | Villager (Male) |
| 8:05 | Build | Mining Camp |
| 9:03 | Age | Feudal Age |
| 9:08 | Build | Archery Range |
| 9:28 | Build | Archery Range |
| 9:33 | Build | Palisade Wall |
| 9:34 | Build | Palisade Wall |
| 9:36 | Build | Palisade Wall |
| 9:38 | Build | Palisade Wall |
| 9:39 | Build | Palisade Wall |
| 9:44 | Build | Palisade Wall |
| 9:45 | Build | Palisade Wall |
| 10:10 | Create | Villager (Male) |
| 10:19 | Create | Archer |
| 10:25 | Create | Archer |
| 10:26 | Create | Villager (Male) |
| 10:34 | Build | House |
| 10:35 | Create | Villager (Male) |
| 10:42 | Create | Villager (Male) |
| 10:43 | Create | Archer |
| 10:43 | Create | Archer |
| 10:51 | Create | Villager (Male) |
| 10:57 | Build | Blacksmith |
| 10:58 | Build | House |
| 11:02 | Build | Palisade Wall |
| 11:05 | Create | Archer |
| 11:05 | Create | Villager (Male) |
| 11:38 | Create | Archer |
| 11:39 | Create | Villager (Male) |
| 11:54 | Research | Fletching |
| 12:06 | Create | Archer |
| 12:12 | Create | Villager (Male) |
| 12:22 | Build | Mill |
| 12:32 | Create | Archer |
| 12:39 | Build | House |
| 12:41 | Build | Palisade Wall |
| 12:46 | Create | Villager (Male) |
| 12:55 | Create | Archer |
| 12:55 | Create | Villager (Male) |
| 13:02 | Create | Archer |
| 13:16 | Build | Farm |
| 13:18 | Build | Farm |
| 13:23 | Create | Villager (Male) |
| 13:26 | Build | Palisade Wall |
| 13:26 | Build | Palisade Wall |
| 13:28 | Build | Palisade Wall |
| 13:51 | Create | Archer |
| 14:05 | Create | Archer |
| 14:05 | Create | Archer |
| 14:06 | Create | Villager (Male) |
| 14:11 | Create | Villager (Male) |
| 14:28 | Create | Archer |
| 14:38 | Build | House |
| 15:08 | Build | Lumber Camp |
| 15:25 | Create | Archer |
| 15:32 | Create | Villager (Male) |
| 15:36 | Create | Villager (Male) |
| 15:38 | Build | Farm |
| 15:56 | Create | Archer |
| 16:01 | Build | House |
| 16:11 | Build | Farm |
| 16:36 | Create | Archer |
| 16:37 | Create | Archer |
| 16:47 | Build | Farm |
| 16:47 | Build | Farm |
| 16:47 | Build | Farm |
| 16:48 | Build | Farm |
| 16:48 | Build | Farm |
| 16:57 | Create | Villager (Male) |
| 16:59 | Create | Villager (Male) |
| 17:09 | Build | Watch Tower |
| 17:11 | Build | House |
| 17:13 | Build | House |
| 17:21 | Build | House |
| 17:24 | Build | House |
| 17:27 | Build | Palisade Wall |
| 17:32 | Create | Archer |
| 17:34 | Create | Villager (Male) |
| 18:04 | Create | Villager (Male) |
| 18:09 | Create | Villager (Male) |
| 18:43 | Build | House |
| 18:45 | Build | Palisade Wall |
| 18:53 | Create | Villager (Male) |
| 18:57 | Build | Market |
| 19:04 | Research | Double-Bit Axe |
| 19:06 | Create | Archer |
| 19:08 | Create | Archer |
| 19:08 | Create | Archer |
| 20:41 | Research | Castle Age |
| 20:55 | Build | Archery Range |
| 21:16 | Research | Gold Mining |
| 21:36 | Create | Archer |
| 21:36 | Create | Archer |
| 21:37 | Research | Padded Archer Armor |
| 21:41 | Create | Archer |
| 21:43 | Create | Villager (Male) |
| 22:02 | Build | House |
| 22:47 | Build | Lumber Camp |
| 22:54 | Build | House |
| 22:58 | Build | Palisade Wall |
| 23:02 | Create | Archer |
| 23:04 | Create | Archer |
| 23:05 | Research | Padded Archer Armor |
| 23:08 | Create | Archer |
| 23:08 | Create | Archer |
| 23:14 | Build | Farm |
| 23:16 | Build | Farm |
| 23:17 | Build | Farm |
| 23:21 | Age | Castle Age |
| 23:23 | Research | Crossbowman (upgrade) |
| 23:24 | Research | Bodkin Arrow |
| 23:48 | Create | Archer |
| 23:49 | Create | Villager (Male) |
| 23:59 | Build | Farm |
| 24:00 | Research | Bow Saw |
| 24:06 | Create | Archer |
| 24:20 | Build | Farm |
| 24:20 | Build | Farm |
| 24:27 | Create | Archer |
| 24:27 | Create | Archer |
| 24:32 | Create | Villager (Male) |
| 24:33 | Create | Archer |
| 24:41 | Build | Farm |
| 24:46 | Create | Archer |
Build order — Niewiin
First 150 of 610 actions detected
| 0:00 | Create | Villager (Male) |
| 0:00 | Create | Villager (Male) |
| 0:02 | Build | House |
| 0:03 | Build | House |
| 0:16 | Create | Villager (Male) |
| 0:17 | Create | Villager (Male) |
| 0:19 | Create | Villager (Male) |
| 0:19 | Create | Villager (Male) |
| 1:31 | Create | Villager (Male) |
| 1:31 | Create | Villager (Male) |
| 1:46 | Build | Lumber Camp |
| 2:08 | Create | Villager (Male) |
| 2:08 | Create | Villager (Male) |
| 2:37 | Create | Villager (Male) |
| 2:54 | Build | House |
| 3:28 | Build | Mill |
| 3:36 | Create | Villager (Male) |
| 3:36 | Create | Villager (Male) |
| 3:36 | Create | Villager (Male) |
| 3:43 | Build | House |
| 3:59 | Create | Villager (Male) |
| 4:53 | Build | Mill |
| 4:56 | Build | Mill |
| 4:58 | Create | Villager (Male) |
| 4:58 | Create | Villager (Male) |
| 5:32 | Create | Villager (Male) |
| 5:32 | Create | Villager (Male) |
| 6:20 | Research | Loom |
| 6:21 | Research | Loom |
| 6:45 | Research | Feudal Age |
| 7:24 | Build | Barracks |
| 7:26 | Create | Villager (Male) |
| 7:40 | Build | House |
| 8:27 | Build | House |
| 8:50 | Age | Feudal Age |
| 8:51 | Build | Stable |
| 8:59 | Create | Villager (Male) |
| 9:01 | Research | Double-Bit Axe |
| 9:08 | Create | Villager (Male) |
| 9:25 | Create | Scout Cavalry |
| 9:26 | Create | Scout Cavalry |
| 9:45 | Create | Villager (Male) |
| 9:58 | Create | Villager (Male) |
| 10:12 | Create | Villager (Male) |
| 10:12 | Create | Scout Cavalry |
| 10:26 | Build | Farm |
| 10:27 | Build | Farm |
| 10:31 | Build | Farm |
| 10:35 | Build | Farm |
| 10:46 | Create | Scout Cavalry |
| 11:04 | Build | House |
| 11:05 | Build | House |
| 11:06 | Build | Palisade Wall |
| 11:12 | Create | Villager (Male) |
| 11:12 | Create | Villager (Male) |
| 11:17 | Build | Farm |
| 11:22 | Build | Farm |
| 11:29 | Build | Farm |
| 11:39 | Create | Scout Cavalry |
| 11:48 | Build | Farm |
| 11:49 | Build | Farm |
| 11:51 | Build | Farm |
| 11:54 | Create | Villager (Male) |
| 12:00 | Create | Scout Cavalry |
| 12:05 | Create | Villager (Male) |
| 12:05 | Create | Villager (Male) |
| 12:07 | Build | Farm |
| 12:12 | Build | House |
| 12:13 | Build | Palisade Wall |
| 12:25 | Create | Villager (Male) |
| 12:38 | Create | Scout Cavalry |
| 12:38 | Create | Scout Cavalry |
| 12:41 | Build | Farm |
| 12:41 | Build | Farm |
| 12:45 | Create | Villager (Male) |
| 12:53 | Create | Spearman |
| 13:05 | Create | Villager (Male) |
| 13:20 | Build | House |
| 13:21 | Build | House |
| 13:27 | Create | Scout Cavalry |
| 13:34 | Build | House |
| 13:46 | Create | Scout Cavalry |
| 13:47 | Create | Villager (Male) |
| 13:52 | Build | Farm |
| 13:54 | Build | Farm |
| 13:59 | Create | Villager (Male) |
| 14:10 | Build | House |
| 14:12 | Build | House |
| 14:17 | Build | House |
| 14:19 | Create | Villager (Male) |
| 14:38 | Create | Villager (Male) |
| 14:38 | Create | Scout Cavalry |
| 14:52 | Create | Spearman |
| 15:06 | Build | Palisade Wall |
| 15:08 | Build | House |
| 15:11 | Build | House |
| 15:12 | Build | House |
| 15:14 | Build | House |
| 15:18 | Create | Villager (Male) |
| 15:18 | Create | Scout Cavalry |
| 15:28 | Build | House |
| 15:36 | Build | Lumber Camp |
| 15:45 | Build | Watch Tower |
| 16:02 | Create | Villager (Male) |
| 16:02 | Create | Scout Cavalry |
| 16:29 | Create | Villager (Male) |
| 16:55 | Create | Villager (Male) |
| 17:03 | Build | Farm |
| 17:05 | Build | Farm |
| 17:06 | Build | Farm |
| 17:07 | Build | Farm |
| 17:08 | Build | Farm |
| 17:11 | Build | Farm |
| 17:15 | Create | Villager (Male) |
| 17:16 | Create | Villager (Male) |
| 17:35 | Create | Villager (Male) |
| 17:38 | Build | Blacksmith |
| 18:09 | Build | Farm |
| 18:13 | Build | Mill |
| 18:14 | Build | Farm |
| 18:19 | Create | Villager (Male) |
| 18:25 | Build | Mining Camp |
| 18:33 | Research | Scale Barding Armor |
| 18:35 | Create | Villager (Male) |
| 18:42 | Build | Farm |
| 18:42 | Build | Farm |
| 18:42 | Build | Farm |
| 18:43 | Build | Farm |
| 18:52 | Create | Villager (Male) |
| 18:54 | Create | Scout Cavalry |
| 19:06 | Build | Farm |
| 19:07 | Create | Villager (Male) |
| 19:36 | Create | Scout Cavalry |
| 19:37 | Create | Villager (Male) |
| 19:59 | Create | Scout Cavalry |
| 20:02 | Create | Spearman |
| 20:03 | Create | Scout Cavalry |
| 20:14 | Create | Scout Cavalry |
| 20:16 | Build | Stable |
| 20:18 | Build | Stable |
| 20:21 | Create | Villager (Male) |
| 20:40 | Create | Villager (Male) |
| 20:49 | Create | Villager (Male) |
| 20:58 | Create | Scout Cavalry |
| 21:07 | Build | Farm |
| 21:08 | Build | Farm |
| 21:21 | Create | Scout Cavalry |
| 21:21 | Create | Scout Cavalry |
| 21:22 | Create | Villager (Male) |
| 21:35 | Create | Villager (Male) |
Build order — Hagbardur
First 150 of 388 actions detected
| 0:01 | Create | Villager (Male) |
| 0:01 | Create | Villager (Male) |
| 0:01 | Create | Villager (Male) |
| 0:04 | Build | House |
| 0:06 | Build | House |
| 0:34 | Create | Villager (Male) |
| 1:32 | Create | Villager (Male) |
| 1:45 | Build | Settlement |
| 2:06 | Create | Villager (Male) |
| 2:43 | Create | Villager (Male) |
| 2:43 | Create | Villager (Male) |
| 3:31 | Create | Villager (Male) |
| 3:53 | Create | Villager (Male) |
| 4:19 | Create | Villager (Male) |
| 4:48 | Create | Villager (Male) |
| 4:53 | Build | Settlement |
| 5:01 | Create | Villager (Male) |
| 5:25 | Create | Villager (Male) |
| 6:04 | Create | Villager (Male) |
| 6:23 | Create | Villager (Male) |
| 6:54 | Create | Villager (Male) |
| 6:55 | Research | Loom |
| 7:51 | Research | Feudal Age |
| 8:16 | Build | Barracks |
| 9:17 | Build | Settlement |
| 9:41 | Create | Villager (Male) |
| 10:01 | Age | Feudal Age |
| 10:11 | Build | Archery Range |
| 10:45 | Build | House |
| 10:51 | Build | Palisade Gate |
| 11:03 | Build | Palisade Wall |
| 11:09 | Build | Palisade Wall |
| 11:12 | Build | Palisade Wall |
| 11:17 | Build | Palisade Wall |
| 11:24 | Create | Archer |
| 11:24 | Create | Archer |
| 11:25 | Create | Archer |
| 11:37 | Create | Villager (Male) |
| 11:59 | Build | Blacksmith |
| 12:22 | Create | Archer |
| 12:34 | Create | Villager (Male) |
| 12:35 | Create | Villager (Male) |
| 12:41 | Research | Fletching |
| 12:53 | Create | Archer |
| 12:56 | Create | Unit 2550 |
| 12:56 | Create | Unit 2550 |
| 13:07 | Build | House |
| 13:35 | Create | Villager (Male) |
| 14:01 | Build | Market |
| 14:02 | Create | Villager (Male) |
| 14:03 | Create | Archer |
| 14:03 | Create | Archer |
| 14:22 | Build | Palisade Wall |
| 14:37 | Create | Archer |
| 14:37 | Create | Villager (Male) |
| 14:38 | Create | Villager (Male) |
| 14:39 | Research | Padded Archer Armor |
| 14:49 | Build | Settlement |
| 14:52 | Create | Villager (Male) |
| 15:15 | Create | Villager (Male) |
| 15:20 | Build | Farm |
| 15:21 | Build | Farm |
| 15:32 | Create | Villager (Male) |
| 15:50 | Build | Farm |
| 16:12 | Create | Archer |
| 16:40 | Create | Archer |
| 16:53 | Create | Villager (Male) |
| 16:54 | Create | Villager (Male) |
| 16:58 | Build | Farm |
| 17:03 | Build | Farm |
| 17:04 | Build | Farm |
| 17:43 | Create | Villager (Male) |
| 18:08 | Create | Archer |
| 18:08 | Create | Archer |
| 18:14 | Build | Archery Range |
| 18:29 | Build | Farm |
| 18:31 | Build | Farm |
| 18:32 | Build | Farm |
| 18:35 | Create | Villager (Male) |
| 18:40 | Create | Villager (Male) |
| 19:04 | Build | Farm |
| 19:05 | Build | Farm |
| 19:20 | Research | Castle Age |
| 19:50 | Create | Archer |
| 19:50 | Create | Archer |
| 19:59 | Build | House |
| 20:03 | Build | House |
| 20:08 | Build | House |
| 20:23 | Create | Archer |
| 20:57 | Build | Watch Tower |
| 21:03 | Create | Archer |
| 21:04 | Create | Archer |
| 21:16 | Build | Palisade Gate |
| 21:21 | Build | Palisade Gate |
| 21:26 | Build | Palisade Gate |
| 21:33 | Build | Palisade Gate |
| 21:43 | Create | Archer |
| 21:43 | Create | Archer |
| 21:59 | Create | Villager (Male) |
| 22:04 | Research | Double-Bit Axe |
| 22:05 | Age | Castle Age |
| 22:12 | Research | Thumb Ring |
| 22:28 | Research | Crossbowman (upgrade) |
| 22:32 | Research | Double-Bit Axe |
| 22:37 | Build | Farm |
| 22:45 | Create | Villager (Male) |
| 23:04 | Build | Farm |
| 23:10 | Build | Farm |
| 23:15 | Build | Farm |
| 23:23 | Build | Farm |
| 23:24 | Create | Archer |
| 23:25 | Create | Archer |
| 23:25 | Create | Villager (Male) |
| 23:25 | Create | Villager (Male) |
| 23:56 | Create | Villager (Male) |
| 23:56 | Create | Villager (Male) |
| 23:59 | Build | Farm |
| 24:00 | Create | Archer |
| 24:00 | Create | Archer |
| 24:08 | Build | Archery Range |
| 24:11 | Build | Palisade Wall |
| 24:35 | Create | Archer |
| 24:35 | Create | Archer |
| 25:12 | Build | Watch Tower |
| 25:31 | Create | Archer |
| 25:32 | Create | Archer |
| 25:43 | Research | Bodkin Arrow |
| 25:55 | Create | Villager (Male) |
| 25:55 | Create | Villager (Male) |
| 26:28 | Create | Archer |
| 26:28 | Create | Archer |
| 26:34 | Create | Archer |
| 26:34 | Create | Archer |
| 26:35 | Create | Archer |
| 26:35 | Create | Archer |
| 26:46 | Build | Siege Workshop |
| 27:02 | Build | Siege Workshop |
| 27:04 | Create | Archer |
| 27:05 | Create | Archer |
| 27:05 | Create | Archer |
| 27:12 | Create | Villager (Male) |
| 27:28 | Build | Watch Tower |
| 27:47 | Create | Archer |
| 27:47 | Create | Archer |
| 27:47 | Create | Archer |
| 27:56 | Create | Archer |
| 27:56 | Create | Archer |
| 27:57 | Create | Villager (Male) |
| 27:57 | Create | Villager (Male) |
| 27:58 | Create | Villager (Male) |
Build order — La Momone 38
First 150 of 327 actions detected
| 0:01 | Create | Villager (Male) |
| 0:01 | Create | Villager (Male) |
| 0:01 | Create | Villager (Male) |
| 0:04 | Build | House |
| 0:05 | Build | House |
| 0:22 | Create | Villager (Male) |
| 1:33 | Create | Villager (Male) |
| 1:45 | Build | House |
| 2:08 | Create | Villager (Male) |
| 2:27 | Create | Villager (Male) |
| 2:42 | Build | Lumber Camp |
| 3:00 | Build | Lumber Camp |
| 3:14 | Create | Villager (Male) |
| 3:39 | Create | Villager (Male) |
| 3:39 | Create | Villager (Male) |
| 3:40 | Create | Villager (Male) |
| 3:45 | Build | House |
| 4:17 | Create | Villager (Male) |
| 4:17 | Create | Villager (Male) |
| 4:58 | Create | Villager (Male) |
| 5:21 | Create | Villager (Male) |
| 5:59 | Create | Villager (Male) |
| 6:15 | Research | Loom |
| 6:22 | Build | Mining Camp |
| 6:59 | Research | Feudal Age |
| 7:41 | Create | Villager (Male) |
| 8:17 | Create | Villager (Male) |
| 8:28 | Build | Barracks |
| 9:17 | Build | Archery Range |
| 9:38 | Create | Villager (Male) |
| 9:45 | Build | Archery Range |
| 10:23 | Create | Archer |
| 10:23 | Create | Archer |
| 10:34 | Build | House |
| 10:41 | Build | Mill |
| 10:42 | Create | Archer |
| 10:44 | Create | Archer |
| 10:44 | Create | Archer |
| 10:50 | Build | Palisade Wall |
| 10:54 | Build | Palisade Wall |
| 10:58 | Build | Palisade Gate |
| 11:00 | Create | Villager (Male) |
| 11:01 | Create | Villager (Male) |
| 11:15 | Create | Archer |
| 11:15 | Create | Archer |
| 11:21 | Build | Palisade Wall |
| 11:23 | Build | Palisade Wall |
| 11:52 | Create | Archer |
| 11:53 | Create | Archer |
| 12:07 | Build | House |
| 12:12 | Build | Blacksmith |
| 12:17 | Build | House |
| 12:19 | Build | House |
| 12:22 | Create | Archer |
| 12:23 | Create | Archer |
| 12:49 | Create | Villager (Male) |
| 12:49 | Create | Villager (Male) |
| 13:03 | Create | Archer |
| 13:04 | Create | Archer |
| 13:12 | Build | House |
| 13:16 | Create | Spearman |
| 13:16 | Create | Spearman |
| 13:34 | Build | House |
| 13:41 | Build | Palisade Wall |
| 13:49 | Create | Villager (Male) |
| 13:49 | Create | Villager (Male) |
| 14:00 | Build | Market |
| 14:09 | Create | Archer |
| 14:09 | Create | Archer |
| 14:09 | Create | Archer |
| 14:09 | Create | Archer |
| 14:28 | Build | House |
| 14:48 | Create | Archer |
| 14:49 | Create | Archer |
| 15:09 | Create | Villager (Male) |
| 15:15 | Build | House |
| 15:16 | Build | House |
| 15:18 | Build | House |
| 15:28 | Create | Villager (Male) |
| 15:34 | Create | Archer |
| 15:34 | Create | Archer |
| 15:56 | Create | Archer |
| 15:56 | Create | Archer |
| 16:14 | Create | Archer |
| 16:14 | Create | Archer |
| 16:25 | Build | Farm |
| 16:26 | Build | Farm |
| 16:36 | Build | Lumber Camp |
| 16:50 | Create | Archer |
| 16:51 | Create | Archer |
| 16:51 | Create | Archer |
| 17:09 | Research | Fletching |
| 17:31 | Create | Archer |
| 17:32 | Create | Archer |
| 18:23 | Create | Archer |
| 18:23 | Create | Archer |
| 18:24 | Create | Archer |
| 18:29 | Create | Villager (Male) |
| 18:29 | Create | Villager (Male) |
| 18:59 | Build | Farm |
| 19:00 | Build | Farm |
| 19:03 | Create | Villager (Male) |
| 19:07 | Create | Archer |
| 19:08 | Create | Archer |
| 19:20 | Create | Archer |
| 19:21 | Create | Archer |
| 19:48 | Create | Archer |
| 19:48 | Create | Archer |
| 19:48 | Create | Archer |
| 20:34 | Create | Archer |
| 20:35 | Create | Archer |
| 20:35 | Create | Archer |
| 20:35 | Create | Archer |
| 20:50 | Research | Padded Archer Armor |
| 20:50 | Create | Archer |
| 20:51 | Create | Archer |
| 21:04 | Create | Villager (Male) |
| 21:04 | Create | Villager (Male) |
| 21:10 | Build | Farm |
| 21:10 | Build | Farm |
| 21:15 | Build | Farm |
| 21:15 | Build | Farm |
| 21:19 | Create | Archer |
| 21:19 | Create | Archer |
| 21:31 | Create | Villager (Male) |
| 21:33 | Create | Archer |
| 21:43 | Create | Villager (Male) |
| 21:49 | Create | Archer |
| 21:49 | Create | Archer |
| 22:32 | Build | Archery Range |
| 22:47 | Create | Archer |
| 22:47 | Create | Archer |
| 22:47 | Create | Archer |
| 22:47 | Create | Archer |
| 23:01 | Research | Gold Mining |
| 23:07 | Research | Double-Bit Axe |
| 23:11 | Create | Archer |
| 23:11 | Create | Archer |
| 23:14 | Create | Villager (Male) |
| 23:44 | Build | Farm |
| 23:48 | Build | Farm |
| 24:24 | Create | Archer |
| 24:24 | Create | Archer |
| 24:40 | Create | Villager (Male) |
| 25:03 | Build | Farm |
| 25:03 | Build | Farm |
| 25:20 | Build | Lumber Camp |
| 25:39 | Build | Watch Tower |
| 26:06 | Research | Castle Age |
| 26:53 | Build | Palisade Gate |
Build order — Hympérion
First 150 of 282 actions detected
| 0:00 | Create | Villager (Male) |
| 0:02 | Build | House |
| 0:03 | Build | House |
| 0:09 | Create | Villager (Male) |
| 0:09 | Create | Villager (Male) |
| 0:10 | Create | Villager (Male) |
| 1:37 | Create | Villager (Male) |
| 1:43 | Build | Lumber Camp |
| 1:58 | Create | Villager (Male) |
| 2:12 | Build | House |
| 2:17 | Create | Villager (Male) |
| 2:44 | Create | Villager (Male) |
| 3:11 | Create | Villager (Male) |
| 3:46 | Create | Villager (Male) |
| 4:04 | Create | Villager (Male) |
| 4:34 | Create | Villager (Male) |
| 4:59 | Create | Villager (Male) |
| 5:09 | Build | Barracks |
| 5:12 | Build | House |
| 5:24 | Create | Villager (Male) |
| 5:24 | Create | Villager (Male) |
| 5:50 | Research | Loom |
| 6:40 | Create | Villager (Male) |
| 6:51 | Build | Mining Camp |
| 7:04 | Create | Villager (Male) |
| 7:27 | Research | Feudal Age |
| 7:45 | Build | Palisade Wall |
| 7:49 | Build | Palisade Wall |
| 7:53 | Build | Palisade Wall |
| 8:07 | Build | Mill |
| 8:11 | Build | Palisade Wall |
| 8:18 | Build | Palisade Wall |
| 8:28 | Create | Militia |
| 8:29 | Create | Militia |
| 8:44 | Build | Palisade Wall |
| 8:52 | Build | Farm |
| 8:53 | Build | Farm |
| 8:53 | Build | Farm |
| 9:14 | Create | Villager (Male) |
| 9:41 | Age | Feudal Age |
| 9:45 | Create | Villager (Male) |
| 9:51 | Build | Farm |
| 10:07 | Create | Villager (Male) |
| 10:12 | Build | House |
| 10:39 | Research | Man-at-Arms (upgrade) |
| 11:05 | Create | Villager (Male) |
| 11:09 | Build | Farm |
| 11:09 | Build | Farm |
| 11:22 | Research | Double-Bit Axe |
| 11:28 | Create | Villager (Male) |
| 11:52 | Create | Villager (Male) |
| 11:57 | Create | Villager (Male) |
| 12:02 | Build | House |
| 12:03 | Build | House |
| 12:09 | Create | Villager (Male) |
| 12:53 | Build | House |
| 12:54 | Build | House |
| 13:00 | Build | Palisade Wall |
| 13:03 | Create | Villager (Male) |
| 13:06 | Research | Horse Collar |
| 13:27 | Create | Villager (Male) |
| 13:44 | Build | House |
| 13:49 | Build | Blacksmith |
| 13:57 | Create | Villager (Male) |
| 14:17 | Create | Villager (Male) |
| 14:36 | Build | Archery Range |
| 14:48 | Create | Villager (Male) |
| 15:19 | Build | Market |
| 15:20 | Create | Villager (Male) |
| 15:41 | Create | Villager (Male) |
| 15:44 | Build | Archery Range |
| 16:08 | Research | Castle Age |
| 16:23 | Build | Lumber Camp |
| 16:43 | Build | House |
| 17:03 | Create | Skirmisher |
| 17:03 | Create | Skirmisher |
| 17:11 | Build | Farm |
| 17:12 | Build | Farm |
| 17:13 | Build | Farm |
| 17:29 | Build | Farm |
| 17:33 | Research | Fletching |
| 17:36 | Build | House |
| 18:01 | Build | Archery Range |
| 18:07 | Create | Villager (Male) |
| 18:20 | Create | Villager (Male) |
| 18:26 | Build | Farm |
| 18:27 | Build | Farm |
| 18:50 | Age | Castle Age |
| 18:52 | Create | Cavalry Archer |
| 18:52 | Create | Cavalry Archer |
| 18:52 | Create | Cavalry Archer |
| 18:56 | Create | Cavalry Archer |
| 18:59 | Research | Padded Archer Armor |
| 19:08 | Build | Stable |
| 19:20 | Create | Villager (Male) |
| 19:27 | Build | Farm |
| 19:28 | Build | Farm |
| 19:37 | Create | Cavalry Archer ×3 |
| 19:54 | Create | Villager (Male) |
| 19:58 | Create | Cavalry Archer ×2 |
| 19:58 | Create | Cavalry Archer ×2 |
| 20:21 | Create | Cavalry Archer |
| 20:24 | Create | Villager (Male) |
| 20:38 | Create | Villager (Male) |
| 20:55 | Research | Bodkin Arrow |
| 21:18 | Create | Cavalry Archer |
| 21:19 | Create | Villager (Male) |
| 21:27 | Build | University |
| 21:30 | Build | House |
| 21:43 | Create | Cavalry Archer |
| 21:45 | Create | Villager (Male) |
| 21:45 | Create | Villager (Male) |
| 22:03 | Create | Cavalry Archer |
| 22:04 | Create | Cavalry Archer |
| 22:47 | Create | Villager (Male) |
| 22:49 | Create | Cavalry Archer |
| 22:50 | Create | Cavalry Archer |
| 23:09 | Create | Cavalry Archer ×2 |
| 23:09 | Create | Cavalry Archer ×2 |
| 23:11 | Create | Villager (Male) ×5 |
| 23:18 | Research | Gold Mining |
| 23:27 | Create | Villager (Male) |
| 23:45 | Create | Skirmisher ×3 |
| 24:00 | Create | Villager (Male) |
| 24:48 | Create | Cavalry Archer ×4 |
| 25:12 | Research | Ballistics |
| 25:23 | Create | Villager (Male) |
| 25:27 | Build | House |
| 25:28 | Build | House |
| 25:29 | Build | Palisade Wall |
| 25:38 | Create | Villager (Male) |
| 25:41 | Build | Mining Camp |
| 25:44 | Build | Palisade Wall |
| 25:59 | Build | House |
| 26:00 | Build | House |
| 26:06 | Create | Cavalry Archer ×3 |
| 26:20 | Create | Cavalry Archer |
| 26:29 | Build | House |
| 26:40 | Research | Bow Saw |
| 26:42 | Create | Villager (Male) |
| 26:47 | Create | Cavalry Archer ×2 |
| 26:58 | Research | Bloodlines |
| 27:14 | Create | Villager (Male) |
| 27:16 | Create | Villager (Male) |
| 27:16 | Create | Villager (Male) |
| 27:16 | Create | Villager (Male) |
| 27:16 | Create | Villager (Male) |
| 27:29 | Create | Cavalry Archer ×2 |
| 27:42 | Create | Skirmisher |
| 27:42 | Create | Skirmisher |
Build order — Twiigz
First 150 of 454 actions detected
| 0:01 | Create | Villager (Male) ×4 |
| 0:02 | Build | House |
| 0:03 | Build | House |
| 1:25 | Create | Villager (Male) |
| 1:56 | Build | Lumber Camp |
| 1:58 | Create | Villager (Male) |
| 2:15 | Create | Villager (Male) |
| 2:46 | Build | House |
| 2:49 | Create | Villager (Male) |
| 3:05 | Create | Villager (Male) |
| 3:43 | Create | Villager (Male) |
| 4:00 | Create | Villager (Male) |
| 4:11 | Create | Villager (Male) |
| 4:17 | Build | Mill |
| 5:03 | Create | Villager (Male) |
| 5:24 | Create | Villager (Male) |
| 5:43 | Research | Loom |
| 6:23 | Research | Feudal Age |
| 7:25 | Build | Barracks |
| 7:34 | Build | House |
| 7:38 | Build | House |
| 7:45 | Build | Palisade Wall |
| 7:52 | Build | House |
| 8:15 | Create | Villager (Male) |
| 8:33 | Age | Feudal Age |
| 8:37 | Build | Stable |
| 8:43 | Create | Villager (Male) |
| 9:05 | Build | House |
| 9:08 | Build | House |
| 9:08 | Build | Palisade Wall |
| 9:20 | Create | Villager (Male) |
| 9:24 | Create | Scout Cavalry |
| 9:38 | Create | Villager (Male) |
| 9:42 | Build | Farm |
| 9:44 | Build | Farm |
| 9:45 | Build | Farm |
| 9:47 | Create | Villager (Male) |
| 9:58 | Create | Scout Cavalry |
| 10:15 | Build | Farm |
| 10:19 | Build | Farm |
| 10:28 | Create | Villager (Male) |
| 10:32 | Build | House |
| 10:33 | Create | Scout Cavalry |
| 11:00 | Build | Farm |
| 11:00 | Create | Villager (Male) |
| 11:14 | Create | Scout Cavalry |
| 11:19 | Build | House |
| 11:21 | Build | Palisade Wall |
| 11:24 | Build | Palisade Wall |
| 11:27 | Build | Palisade Wall |
| 11:29 | Create | Villager (Male) |
| 11:33 | Build | Farm |
| 11:35 | Build | Farm |
| 11:49 | Create | Villager (Male) |
| 12:03 | Create | Scout Cavalry |
| 12:06 | Build | Farm |
| 12:09 | Create | Villager (Male) |
| 12:34 | Build | Farm |
| 12:34 | Create | Villager (Male) |
| 12:38 | Create | Scout Cavalry |
| 13:02 | Create | Scout Cavalry |
| 13:03 | Create | Villager (Male) |
| 13:20 | Build | Farm |
| 13:23 | Build | Farm |
| 13:25 | Build | Farm |
| 13:30 | Build | Palisade Wall |
| 13:35 | Create | Villager (Male) |
| 13:46 | Create | Scout Cavalry |
| 13:59 | Create | Villager (Male) |
| 14:08 | Build | Farm |
| 14:11 | Build | Farm |
| 14:13 | Build | Farm |
| 14:13 | Create | Villager (Male) |
| 14:17 | Create | Villager (Male) |
| 14:20 | Create | Scout Cavalry |
| 14:29 | Build | Farm |
| 14:53 | Create | Villager (Male) |
| 14:59 | Create | Scout Cavalry |
| 15:15 | Build | Farm |
| 15:20 | Create | Villager (Male) |
| 15:37 | Build | Mining Camp |
| 15:43 | Create | Villager (Male) |
| 15:44 | Create | Scout Cavalry |
| 16:07 | Create | Villager (Male) |
| 16:08 | Create | Scout Cavalry |
| 16:14 | Build | Blacksmith |
| 16:20 | Build | House |
| 16:31 | Create | Villager (Male) |
| 16:52 | Create | Villager (Male) |
| 16:55 | Create | Scout Cavalry |
| 17:04 | Research | Scale Barding Armor |
| 17:17 | Build | House |
| 17:18 | Build | House |
| 17:19 | Create | Villager (Male) |
| 17:23 | Build | Lumber Camp |
| 17:42 | Create | Scout Cavalry |
| 18:02 | Create | Villager (Male) |
| 18:30 | Create | Villager (Male) |
| 18:35 | Build | Farm |
| 18:37 | Build | Farm |
| 18:39 | Build | Farm |
| 18:50 | Build | House |
| 18:57 | Build | House |
| 18:58 | Create | Villager (Male) |
| 19:02 | Build | Farm |
| 19:06 | Build | Farm |
| 19:19 | Create | Villager (Male) |
| 19:59 | Build | House |
| 20:02 | Research | Castle Age |
| 20:31 | Build | Farm |
| 20:36 | Build | Stable |
| 20:53 | Create | Scout Cavalry |
| 21:04 | Build | Farm |
| 21:07 | Research | Gold Mining |
| 21:09 | Research | Double-Bit Axe |
| 22:17 | Build | Farm |
| 22:34 | Create | Villager (Male) |
| 22:42 | Age | Castle Age |
| 22:45 | Research | Chain Barding Armor |
| 22:46 | Create | Knight |
| 22:46 | Create | Knight |
| 22:46 | Create | Knight |
| 22:47 | Create | Knight |
| 22:59 | Build | Farm |
| 23:02 | Create | Villager (Male) |
| 23:05 | Research | Wheelbarrow |
| 23:09 | Create | Knight |
| 23:16 | Build | Stable |
| 23:34 | Create | Villager (Male) |
| 23:35 | Create | Villager (Male) |
| 23:49 | Create | Knight |
| 23:49 | Create | Knight |
| 23:54 | Research | Forging |
| 24:15 | Create | Knight |
| 24:15 | Create | Knight |
| 24:17 | Build | Farm |
| 24:18 | Build | Farm |
| 24:23 | Create | Villager (Male) |
| 24:33 | Create | Knight |
| 24:33 | Create | Knight |
| 24:55 | Create | Knight |
| 25:07 | Build | Town Center |
| 25:12 | Create | Knight |
| 25:12 | Create | Knight |
| 25:12 | Create | Knight |
| 25:27 | Create | Knight |
| 26:00 | Create | Villager (Male) |
| 26:00 | Create | Villager (Male) |
| 26:00 | Create | Villager (Male) |
| 26:00 | Create | Villager (Male) |
Match timeline
| 5:09 | Hympérion · first_building Barracks |
| 7:24 | Niewiin · first_building Barracks |
| 7:25 | Twiigz · first_building Barracks |
| 7:31 | [LW] Klemens · first_building Barracks |
| 7:34 | [LW] Klemens · wall_segment Palisade Wall x3 |
| 7:36 | [LW] Klemens · wall_segment Palisade Wall x3 |
| 7:45 | Hympérion · wall_segment Palisade Wall x9 |
| 7:45 | Twiigz · wall_segment Palisade Wall x1 |
| 7:49 | Hympérion · wall_segment Palisade Wall x2 |
| 7:53 | Hympérion · wall_segment Palisade Wall x5 |
| 8:11 | Hympérion · wall_segment Palisade Wall x1 |
| 8:16 | Hagbardur · first_building Barracks |
| 8:18 | Hympérion · wall_segment Palisade Wall x8 |
| 8:28 | La Momone 38 · first_building Barracks |
| 8:33 | Twiigz · age_up feudal |
| 8:37 | Twiigz · first_building Stable |
| 8:44 | Hympérion · wall_segment Palisade Wall x7 |
| 8:50 | Niewiin · age_up feudal |
| 8:51 | Niewiin · first_building Stable |
| 9:03 | [LW] Klemens · age_up feudal |
| 9:08 | [LW] Klemens · first_building Archery Range |
| 9:08 | Twiigz · wall_segment Palisade Wall x1 |
| 9:17 | La Momone 38 · first_building Archery Range |
| 9:33 | [LW] Klemens · wall_segment Palisade Wall x1 |
| 9:34 | [LW] Klemens · wall_segment Palisade Wall x1 |
| 9:36 | [LW] Klemens · wall_segment Palisade Wall x1 |
| 9:38 | [LW] Klemens · wall_segment Palisade Wall x1 |
| 9:39 | [LW] Klemens · wall_segment Palisade Wall x1 |
| 9:41 | Hympérion · age_up feudal |
| 9:44 | [LW] Klemens · wall_segment Palisade Wall x1 |
| 9:45 | [LW] Klemens · wall_segment Palisade Wall x1 |
| 10:01 | Hagbardur · age_up feudal |
| 10:11 | Hagbardur · first_building Archery Range |
| 10:50 | La Momone 38 · wall_segment Palisade Wall x3 |
| 10:54 | La Momone 38 · wall_segment Palisade Wall x20 |
| 11:02 | [LW] Klemens · wall_segment Palisade Wall x11 |
| 11:03 | Hagbardur · wall_segment Palisade Wall x1 |
| 11:06 | Niewiin · wall_segment Palisade Wall x1 |
| 11:09 | Hagbardur · wall_segment Palisade Wall x1 |
| 11:12 | Hagbardur · wall_segment Palisade Wall x1 |
| 11:17 | Hagbardur · wall_segment Palisade Wall x3 |
| 11:21 | Twiigz · wall_segment Palisade Wall x4 |
| 11:21 | La Momone 38 · wall_segment Palisade Wall x5 |
| 11:23 | La Momone 38 · wall_segment Palisade Wall x4 |
| 11:24 | Twiigz · wall_segment Palisade Wall x4 |
| 11:27 | Twiigz · wall_segment Palisade Wall x7 |
| 12:13 | Niewiin · wall_segment Palisade Wall x6 |
| 12:41 | [LW] Klemens · wall_segment Palisade Wall x7 |
| 13:00 | Hympérion · wall_segment Palisade Wall x7 |
| 13:26 | [LW] Klemens · wall_segment Palisade Wall x1 |
| 13:26 | [LW] Klemens · wall_segment Palisade Wall x1 |
| 13:28 | [LW] Klemens · wall_segment Palisade Wall x12 |
| 13:30 | Twiigz · wall_segment Palisade Wall x16 |
| 13:41 | La Momone 38 · wall_segment Palisade Wall x2 |
| 14:22 | Hagbardur · wall_segment Palisade Wall x11 |
| 14:36 | Hympérion · first_building Archery Range |
| 15:06 | Niewiin · wall_segment Palisade Wall x1 |
| 15:49 | Hympérion · first_market_buy 100 food |
| 15:59 | Hympérion · first_market_sell 100 wood |
| 17:27 | [LW] Klemens · wall_segment Palisade Wall x1 |
| 18:45 | [LW] Klemens · wall_segment Palisade Wall x13 |
| 18:50 | Hympérion · age_up castle |
| 19:08 | Hympérion · first_building Stable |
| 19:11 | Hagbardur · first_market_sell 100 stone |
| 19:13 | Hagbardur · first_market_buy 100 food |
| 20:30 | [LW] Klemens · first_market_buy 100 food |
| 20:36 | [LW] Klemens · first_market_sell 100 wood |
| 21:50 | Niewiin · wall_segment Palisade Wall x1 |
| 22:05 | Hagbardur · age_up castle |
| 22:42 | Twiigz · age_up castle |
| 22:58 | [LW] Klemens · wall_segment Palisade Wall x1 |
| 23:06 | Niewiin · first_market_buy 100 food |
| 23:21 | [LW] Klemens · age_up castle |
| 24:11 | Hagbardur · wall_segment Palisade Wall x1 |
| 24:29 | La Momone 38 · first_market_sell 100 wood |
| 24:32 | La Momone 38 · first_market_buy 100 food |
| 25:29 | Hympérion · wall_segment Palisade Wall x1 |
| 25:44 | Hympérion · wall_segment Palisade Wall x1 |
| 26:23 | Niewiin · age_up castle |
| 26:46 | Hagbardur · first_building Siege Workshop |
| 27:52 | Niewiin · first_market_sell 100 food |
| 29:45 | Hympérion · wall_segment Palisade Wall x1 |
| 29:58 | Niewiin · first_building Siege Workshop |
| 30:30 | Twiigz · wall_segment Palisade Wall x3 |
| 32:39 | Twiigz · wall_segment Palisade Wall x5 |
| 32:41 | Twiigz · wall_segment Palisade Wall x5 |
| 35:52 | [LW] Klemens · first_building Monastery |
| 36:51 | Hagbardur · first_building Castle |
| 37:28 | Hympérion · wall_segment Palisade Wall x1 |
| 38:02 | Niewiin · first_building Castle |
| 38:38 | Twiigz · first_market_sell 500 food |
| 39:02 | Twiigz · first_building Monastery |
| 39:04 | Hympérion · first_building Castle |
| 40:17 | Hympérion · wall_segment Palisade Wall x1 |
| 40:25 | Hympérion · wall_segment Palisade Wall x1 |
| 40:27 | Hympérion · wall_segment Palisade Wall x1 |
| 40:38 | [LW] Klemens · first_building Castle |
| 41:24 | Twiigz · wall_segment Palisade Wall x11 |
| 41:26 | Twiigz · wall_segment Palisade Wall x15 |
| 42:37 | [LW] Klemens · age_up imperial |
| 43:24 | Twiigz · age_up imperial |
| 43:55 | Hagbardur · age_up imperial |
| 44:01 | Hympérion · age_up imperial |
| 44:02 | Hympérion · wall_segment Palisade Wall x1 |
| 44:49 | Hagbardur · first_building Monastery |
| 45:32 | La Momone 38 · first_building Monastery |
| 45:45 | La Momone 38 · first_building Castle |
| 46:15 | Niewiin · age_up imperial |
| 50:26 | Niewiin · resign |
[ AI ANALYSIS · 1 CREDIT ]
What really happened in this match?
Wolo.gg analyzes every decision: build order, eco, micro, common mistakes by bracket. Personalized analysis on WhatsApp or Discord in 30 seconds.
Civ guide
Ethiopians
Perfil
Jugador #1196917